 Dungeon Crawl Stone Soup version 0.29-a0-994-gc5c9f59d18 (webtiles) character file.

Game seed: 1215523482968063865

2 IdlyInterested the Caller (level 1, 0/13 HPs)
             Began as a Demonspawn Wanderer on Aug 3, 2022.
             Slain by a kobold
             ... wielding a +0 short sword
              (4 damage)
             ... on level 1 of the Dungeon.
             The game lasted 00:00:56 (88 turns).

IdlyInterested the Caller (Demonspawn Wanderer)       Turns: 88, Time: 00:00:57

Health: 0/13       AC:  6    Str: 13    XL:     1   Next: 33%
Magic:  2/2        EV:  9    Int: 12    God:
Gold:   10         SH:  0    Dex: 12    Spells: 1/2 levels left

rFire   . . .      SeeInvis .   a - +0 club
rCold   . . .      Faith    .   (no shield)
rNeg    . . .      Spirit   .   f - +0 scale mail
rPois   .          Reflect  .   (no helmet)
rElec   .          Harm     .   (no cloak)
rCorr   .          Rampage  .   (no gloves)
Will    .....                   (no boots)
Stlth   ..........              (no amulet)
HPRegen 0.04/turn               (no ring)
MPRegen 0.08/turn               (no ring)

@: no status effects
A: no striking features
a: no special abilities


You were on level 1 of the Dungeon.
You visited 1 branch of the dungeon, and saw 1 of its levels.

You collected 10 gold pieces.

Inventory:

Hand Weapons
 a - a +0 club (weapon)
Missiles
 b - 2 throwing nets
Armour
 e - a +0 leather armour
 f - a +0 scale mail (worn)
 g - a scarf of harm
 h - a +0 helmet
Wands
 c - a wand of flame (6)
Potions
 d - a potion of attraction


   Skills:
 + Level 0.2 Fighting
 - Level 1.0 Armour
 - Level 2.6 Dodging
 - Level 1.0 Stealth
 - Level 1.0 Spellcasting
 - Level 3.0 Summonings
 * Level 1.2 Evocations


You had one spell level left.
You knew the following spells:

 Your Spells              Type           Power      Damage    Failure   Level
a - Summon Small Mammal   Summ           28%        N/A       38%         1

Your spell library contained the following spells:

 Spells                   Type           Power      Damage    Failure   Level
 Call Canine Familiar     Summ           7%         N/A       77%         3


Dungeon Overview and Level Annotations

Branches:
Dungeon (1/15)

Altars:


Message History

The bat hits you but does no damage. The bat barely misses you.
You hit the giant cockroach.
The giant cockroach is almost dead.
The bat hits you but does no damage. The giant cockroach barely misses you.
You barely miss the giant cockroach.
The giant cockroach is almost dead.
The bat barely misses you. The giant cockroach closely misses you.
The kobold barely misses you.
The giant cockroach bites you but does no damage.
You barely miss the giant cockroach.
The giant cockroach is almost dead.
The bat barely misses you. The kobold barely misses you.
The giant cockroach bites you but does no damage.
The bat hits you but does no damage. The kobold hits you with a +0 dagger.
You hit the giant cockroach but do no damage.
The giant cockroach is almost dead.
The bat hits you but does no damage. The giant cockroach barely misses you.
The kobold closely misses you.
The giant cockroach bites you but does no damage.
You hit the giant cockroach.
You kill the giant cockroach!
The kobold hits you but does no damage.
The kobold hits you with a +0 short sword.
You see here a +0 whip.
You miss the kobold.
The kobold hits you with a +0 dagger. x2
You barely miss the kobold. The kobold closely misses you.
You hit the kobold.
You kill the kobold!
The bat barely misses you. x2
You hit the bat but do no damage. The bat closely misses you.
The kobold hits you with a +0 short sword.
You hit the kobold but do no damage. The kobold hits you but does no damage.
You closely miss the kobold. The kobold barely misses you.
You barely miss the kobold. The kobold barely misses you.
You hit the kobold.
The kobold is moderately wounded.
The kobold misses you.
The kobold hits you with a +0 short sword.
You die...

##+## ....# ...
#. ... #. #.#
##.##.# #
#.......#@# #
#.....#.#K# #
#.....#..b# #####
......#..#
....####
.....#..#
###....#
#.##.#..# #
#.######.##.##.##
#
#...............#
#
#.######.#..#...#


You could see a bat and a kobold.

Vanquished Creatures
  A giant cockroach (D:1)
  A bat (D:1)
  A kobold (D:1)
3 creatures vanquished.

Notes
Turn   | Place    | Note
-------+----------+-------------------------------------------
     0 | D:1      | IdlyInterested the Demonspawn Wanderer began the quest for
                  | the Orb.
     0 | D:1      | IdlyInterested set off with the following items: a +0 club,
                  | 2 throwing nets, a wand of flame (6), a potion of
                  | attraction, a +0 leather armour; and the following spell
                  | memorised: Summon Small Mammal; and the following spells
                  | available to memorise: Call Canine Familiar.
     0 | D:1      | Reached XP level 1. HP: 13/13 MP: 2/2
    88 | D:1      | Slain by a kobold

Illustrated notes

Levels and vault maps discovered:
D:1:      dpeg_arrival_houses_and_road, layout_basic

Action                   || total
-------------------------++-------
Melee: Club              ||    14
Armor: Scale mail        ||    15
Dodge: Dodged            ||    19

Table legend: (Time is in decaauts)
 A = Elapsed time spent in this place.
 B = Non-inter-level travel time spent in this place.
 C = Inter-level travel time spent in this place.
 D = Time resting spent in this place.
 E = Time spent auto-exploring this place.
 F = Levels seen in this place.
 G = Mean time per level.
                   A        B        C        D        E       F      G
               +--------+--------+--------+--------+--------+-----+--------+
         Total |     91 |     91 |      0 |      0 |     22 |   1 |   91.0 |
       Dungeon |     91 |     91 |      0 |      0 |     22 |   1 |   91.0 |
               +--------+--------+--------+--------+--------+-----+--------+

Top non-repeatable levels by time:
     D:1: 91 daAuts
